 Dungeon Crawl Stone Soup version 0.19.1 (webtiles) character file.

217 Leibowitz the Poker (level 5, -5/41 HPs)
             Began as a Demigod Gladiator on Nov 29, 2016.
             Slain by a gnoll
             ... wielding a +0 spear
              (8 damage)
             ... on level 3 of the Dungeon.
             The game lasted 00:09:01 (3522 turns).

Leibowitz the Poker (Demigod Gladiator)             Turns: 3522, Time: 00:09:04

Health: -5/41      AC:  4    Str: 18    XL:     5   Next: 35%
Magic:  7/7        EV: 14    Int: 12    God:
Gold:   129        SH:  0    Dex: 18    Spells: 0 memorised, 4 levels left

rFire  . . .     SeeInvis +     a - +0 trident
rCold  . . .     Gourm    +     b - +0 leather armour
rNeg   . . .     Faith    .     (no shield)
rPois  .         Spirit   .     c - +0 helmet
rElec  .         Reflect  .     (no cloak)
rCorr  .         Harm     .     (no gloves)
MR     .....                    (no boots)
Stlth  ++........               x - amulet of the gourmand
                                (no ring)
                                o - ring of see invisible

@: no status effects
A: high mp 1
a: no special abilities


You were on level 3 of the Dungeon.
You were completely stuffed.

You visited 1 branch of the dungeon, and saw 3 of its levels.

You collected 129 gold pieces.

Inventory:

Hand Weapons
 a - a +0 trident (weapon)
Missiles
 d - 3 throwing nets (quivered)
Armour
 b - a +0 leather armour (worn)
 c - a +0 helmet (worn)
Jewellery
 o - a ring of see invisible (left hand)
 x - an amulet of the gourmand (around neck)
Scrolls
 e - a scroll of teleportation {unknown}
 h - 2 scrolls of identify {unknown}
 j - a scroll of enchant weapon {unknown}
 k - a scroll of fog {unknown}
 l - a scroll of recharging {unknown}
Potions
 g - 4 potions of lignification {unknown}
 i - 2 potions of heal wounds {unknown}
 n - 2 potions of curing {unknown}
 p - 2 potions of brilliance {unknown}
 r - a potion of degeneration {unknown}
 s - a potion of might {unknown}
 u - a potion of haste {unknown}
 v - a potion of experience {unknown}
Comestibles
 f - 3 bread rations
 m - a beef jerky
 q - 2 meat rations
 t - a slice of pizza
 w - 5 fruits
 z - 3 chunks of flesh


   Skills:
 + Level 2.1 Fighting
 + Level 4.1 Polearms
 + Level 1.8 Throwing
 + Level 1.7 Armour
 * Level 3.9 Dodging
 + Level 1.1 Stealth


You had 4 spell levels left.
You didn't know any spells.

Dungeon Overview and Level Annotations

Branches:
Dungeon (3/15)


Innate Abilities, Weirdness & Mutations

You have an increased reservoir of magic. (+10% MP)


Message History

You kill the gnoll!
The gnoll closely misses you.
You puncture the gnoll!
The gnoll is heavily wounded.
The gnoll closely misses you.
You hit the gnoll.
You kill the gnoll!
You hit the gnoll but do no damage. The gnoll hits you with a whip.
You hit the gnoll but do no damage.
The gnoll hits you from afar with a spear.
* * * LOW HITPOINT WARNING * * *
The gnoll hits you with a whip.
* * * LOW HITPOINT WARNING * * *
You puncture the gnoll!
The gnoll is heavily wounded.
The gnoll hits you from afar with a spear.
* * * LOW HITPOINT WARNING * * *
The gnoll misses you.
The gnoll hits you from afar with a spear!
You die...

#.# ##.## ###)#.## #.# #...#
#.#.## ##'## #...# #.#.## ##...##
#...# #...## ##.....## #####.#
#.#### #......(## ##.###.# #.##.#
#.........####...##.######.#...
.'.........).gg.................
###.........####@........###.#...
##.......## #..###.##.# #.##.#
##.....## #.####.##.# #.####
##...## #.# #..##.# #.#### ##'#
#.# #.###.# #).... # #.###.###.#
###### #.........# # #####.#####
# #.# #


You could see 2 gnolls.

Vanquished Creatures
  Robin (D:2)
  6 gnolls (D:3)
  4 adders
  3 oozes
  A worm (D:2)
  2 dart slugs
  3 orcs (D:3)
  2 ball pythons
  5 bats
  3 giant cockroaches
  26 goblins
  11 hobgoblins
  3 jackals (D:3)
  2 quokkas
  6 frilled lizards
  5 kobolds (D:1)
  7 rats
90 creatures vanquished.

Notes
Turn   | Place    | Note
-------+----------+-------------------------------------------
     0 | D:1      | Leibowitz the Demigod Gladiator began the quest for the Orb.
     0 | D:1      | Reached XP level 1. HP: 17/17 MP: 3/3
   295 | D:1      | Reached XP level 2. HP: 15/24 MP: 4/4
   859 | D:1      | Reached skill level 3 in Polearms
   865 | D:1      | Reached XP level 3. HP: 23/29 MP: 5/5
  1313 | D:2      | Found a shadowy altar of Dithmenos.
  1470 | D:2      | Reached XP level 4. HP: 31/36 MP: 6/6
  1585 | D:2      | Noticed Robin
  2124 | D:2      | Killed Robin
  2124 | D:2      | Reached skill level 1 in Armour
  2774 | D:3      | Reached XP level 5. HP: 25/41 MP: 7/7
  3023 | D:3      | Reached skill level 1 in Stealth
  3474 | D:3      | Reached skill level 4 in Polearms
  3522 | D:3      | Slain by a gnoll

Skill      XL: |  1  2  3  4  5 |
---------------+----------------+-----
Fighting       | 2 |  2.1
Dodging        | 3 |  3.9
Polearms       | 3 4 |  4.1
Armour         | 1 |  1.7
Stealth        | 1 |  1.1
Throwing       | |  1.8

Action                   |  1- 3 |  4- 6 || total
-------------------------+-------+-------++-------
Melee: Trident           |   139 |   172 ||   311
 Stab: Sleeping          |     6 |     3 ||     9
       Distracted        |     1 |       ||     1
  Eat: Chunk             |     2 |    18 ||    20
Armor: Leather armour    |    30 |    37 ||    67
Dodge: Dodged            |   102 |   130 ||   232
